 Dungeon Crawl Stone Soup version 0.30-a0-777-ga9a30cbeda (webtiles) character file.

Game seed: 8398828139610070230

96 BubbleThief the Grave Robber (level 4, -6/30 HPs)
             Began as a Demonspawn Necromancer on Feb 15, 2023.
             Killed by divine providence
             ... invoked by an orc priest
              (16 damage)
             ... on level 4 of the Dungeon.
             The game lasted 00:03:51 (2638 turns).

BubbleThief the Grave Robber (DsNe)                 Turns: 2638, Time: 00:03:51

Health: -6/30      AC:  3    Str: 11    XL:     4   Next: 41%
Magic:  4/8        EV: 20    Int: 16    God:
Gold:   116        SH:  0    Dex: 16    Spells: 7/8 levels left

rFire   . . .      SeeInvis .    s - +4 sling "Nogiw" {speed, Str+3}
rCold   . . .      Faith    .    (no shield)
rNeg    . . .      Spirit   .    a - +0 robe
rPois   .          Reflect  .    (helmet restricted)
rElec   .          Harm     .    n - +0 cloak {Stlth+}
rCorr   .          Rampage  .    (no gloves)
Will    .....                    (no boots)
Stlth   +++                      (no amulet)
HPRegen 0.25/turn                q - +5 ring of evasion
MPRegen 0.11/turn                (no ring)

@: no status effects
A: horns 1, repulsion field 2
a: no special abilities


You were on level 4 of the Dungeon.
You visited 1 branch of the dungeon, and saw 4 of its levels.

You collected 116 gold pieces.

Inventory:

Hand Weapons
 s - the +4 sling "Nogiw" (weapon) {speed, Str+3}
   (You found it on level 2 of the Dungeon)

   Str:       It affects your strength (+3).
 u - the +6 hand axe "Wupirim" {freeze, rElec rF+ Int+2}
   (You found it on level 4 of the Dungeon)

   Int:       It affects your intelligence (+2).
   rF:        It protects you from fire.
   rElec:     It insulates you from electricity.
Armour
 a - a +0 robe (worn)
 n - a +0 cloak of stealth (worn)
Jewellery
 i - a ring of ice
 q - a +5 ring of evasion (left hand)
Scrolls
 c - a scroll of identify {unknown}
 d - a scroll of noise {unknown}
 e - 2 scrolls of fear {unknown}
 f - 3 scrolls of enchant armour {unknown}
 g - a scroll of blinking {unknown}
 l - a scroll of teleportation {unknown}
 m - 2 scrolls of immolation {unknown}
 o - a scroll of enchant weapon {unknown}
Potions
 b - 2 potions of magic
 h - 2 potions of lignification {unknown}
 j - a potion of ambrosia {unknown}
 k - a potion of haste {unknown}
 p - 2 potions of resistance {unknown}
 r - a potion of degeneration {unknown}
 t - a potion of mutation {unknown}


   Skills:
 - Level 1.7 Dodging
 - Level 1.7 Stealth
 + Level 2.9 Spellcasting
 * Level 5.9 Necromancy


You had 7 spell levels left.
You knew the following spells:

 Your Spells              Type           Power      Damage    Failure   Level
a - Necrotise             Necr           84%        1d8       1%          1

Your spell library contained the following spells:

 Spells                   Type           Power      Damage    Failure   Level
 Vampiric Draining        Necr           21%        2d7       4%          3
 Animate Dead             Necr           21%        N/A       16%         4
 Agony                    Necr           21%        N/A       41%         5
 Kindle Blastsparks       Fire/Tloc/Air  4%         2d10      50%         3
 Fulminant Prism          Conj/Hex       1%         3d5       88%         4
 Iskenderun's Mystic Bla  Conj/Tloc      2%         2d3       88%         4
 Lee's Rapid Deconstruct  Erth           1%         3d4*      99%         5


Dungeon Overview and Level Annotations

Branches:
Dungeon (4/15)
 Temple: D:4-7

Altars:

Annotations:
D:3 Pargi, Terence


Innate Abilities, Weirdness & Mutations

You have a pair of small horns on your head.
You are surrounded by a moderate repulsion field. (EV +3)


Message History

The orc hits your orc wizard skeleton with a +0 whip.
An orc priest comes into view.
It is wielding a +0 flail and wearing the +9 plate armour "Feroteix" {rPois rF- Int+3}.
Your orc wizard skeleton barely misses the orc.
The orc barely misses your orc wizard skeleton.
Your orc wizard skeleton barely misses the orc.
Saving game... please wait.
Welcome back, BubbleThief the Demonspawn Necromancer.
Press ? for a list of commands and other information.
The orc priest mumbles some strange prayers to Beogh against you.
Beogh smites you!
The orc hits your orc wizard skeleton with a +0 whip!
Your orc wizard skeleton closely misses the orc.
The orc hits your orc wizard skeleton with a +0 whip.
Your orc wizard skeleton is destroyed!
Aiming: Necrotise (safe; 1% risk of failure)
Press: ? - help, Q - select action, (/) - cycle Shift-Dir - straight line, f - you
Okay, then.
Aiming: Necrotise (safe; 1% risk of failure)
Press: ? - help, Q - select action, (/) - cycle Shift-Dir - straight line, f - orc
Aim: an orc, wielding a +0 whip (chance to affect: 90%)
The orc barely resists.
The orc priest mumbles some strange prayers to Beogh against you.
Beogh smites you!
* * * LOW HITPOINT WARNING * * *
Aiming: Necrotise (safe; 1% risk of failure)
Press: ? - help, Q - select action, (/) - cycle Shift-Dir - straight line, f/p - orc
Aim: an orc, wielding a +0 whip (chance to affect: 90%)
The orc writhes in agony.
Aiming: Necrotise (safe; 1% risk of failure)
Press: ? - help, Q - select action, (/) - cycle Shift-Dir - straight line, f/p - orc
Aim: an orc, wielding a +0 whip (moderately wounded, chance to affect: 90%)
The orc writhes in agony.
You kill the orc!
The dead are walking!
The orc priest miscasts a cantrip.
Your orc skeleton barely misses the orc priest.
The orc priest calls down the wrath of Beogh upon you.
Beogh smites you!
Ouch! That really hurt!
You die...

#.# #.###### #o#
#.# #Z# #.# #.#
#.# #.# #.# #.#
#.# #.# #.# ###
#.# #.####.. #@#
#.......
#.##############.#
#.................
################<#
###


You could see an orc priest (ally target) and a friendly orc skeleton.

Vanquished Creatures
  An orc wizard (D:4)
  2 adders (D:2)
  3 orcs (D:4)
  4 endoplasms
  2 giant cockroaches (D:1)
  3 goblins
  A hobgoblin (D:1)
  2 jackals (D:2)
  4 quokkas
  4 bats
  3 frilled lizards
  4 kobolds
  7 rats
40 creatures vanquished.

Vanquished Creatures (collateral kills)
  An adder (D:2)
  A frilled lizard (D:2)
2 creatures vanquished.

Vanquished Creatures (others)
  6 plants (D:3)
6 creatures vanquished.

Grand Total: 48 creatures vanquished

Notes
Turn   | Place    | Note
-------+----------+-------------------------------------------
     0 | D:1      | BubbleThief the Demonspawn Necromancer began the quest for
                  | the Orb.
     0 | D:1      | Reached XP level 1. HP: 13/13 MP: 3/3
   266 | D:1      | Gained mutation: You are surrounded by a mild repulsion
                  | field. (EV +2) [demonic ancestry]
   266 | D:1      | Reached XP level 2. HP: 19/19 MP: 3/5
  1285 | D:2      | Reached skill level 5 in Necromancy
  1556 | D:2      | Gained mutation: You have a pair of small horns on your
                  | head. [demonic ancestry]
  1556 | D:2      | Reached XP level 3. HP: 24/24 MP: 0/6
  2025 | D:2      | Identified the +4 sling "Nogiw" {speed, Str+3}
  2346 | D:3      | Noticed Terence
  2468 | D:3      | Noticed Pargi
  2514 | D:4      | Identified the +6 hand axe "Wupirim" {freeze, rElec rF+
                  | Int+2}
  2594 | D:4      | Gained mutation: You are surrounded by a moderate repulsion
                  | field. (EV +3) [demonic ancestry]
  2594 | D:4      | Reached XP level 4. HP: 30/30 MP: 6/8
  2622 | D:4      | Identified the +9 plate armour "Feroteix" {rPois rF- Int+3}
  2638 | D:4      | Killed from afar by an orc priest

Illustrated notes

Levels and vault maps discovered:
D:1:      minmay_arrival_shoal_huts, layout_basic
D:2:      layout_basic
D:3:      layout_loops_ring, fedhas_altar_4, serial_shops,
          nicolae_shop_overgrown_old_shop, serial_bayou_lake_a, uniq_terence,
          uniq_pargi, uniq_natasha
D:4:      gammafunk_cloud_chamber, layout_basic, minmay_distorted

Skill      XL: |  1  2 |
---------------+-------+-----
Necromancy     | 5 |  5.9
Dodging        | |  1.7
Stealth        | |  1.7
Spellcasting   | |  2.9

Action                     |  1- 3 |  4- 6 || total
---------------------------+-------+-------++-------
  Melee: Dagger            |    13 |       ||    13
         Headbutt          |     1 |       ||     1
         Sling             |       |     1 ||     1
   Fire: Sling             |    16 |     2 ||    18
   Cast: Necrotise         |    57 |     7 ||    64
 Armour: Robe              |     6 |     2 ||     8
  Dodge: Dodged            |    18 |     4 ||    22

Table legend: (Time is in decaauts)
 A = Elapsed time spent in this place.
 B = Non-inter-level travel time spent in this place.
 C = Inter-level travel time spent in this place.
 D = Time resting spent in this place.
 E = Time spent auto-exploring this place.
 F = Levels seen in this place.
 G = Mean time per level.
                   A        B        C        D        E       F      G
               +--------+--------+--------+--------+--------+-----+--------+
         Total |   2635 |   2541 |     94 |      0 |   2222 |   4 |  658.8 |
       Dungeon |   2635 |   2541 |     94 |      0 |   2222 |   4 |  658.8 |
               +--------+--------+--------+--------+--------+-----+--------+

Top non-repeatable levels by time:
     D:1: 1278 daAuts
     D:2: 1051 daAuts
     D:3: 176 daAuts
     D:4: 128 daAuts
